 Dungeon Crawl Stone Soup version 0.32-a0-558-g233958a4c4 (webtiles) character file.

Game seed: 10781642934643337616

714 senseless the Charlatan (level 7, -2/55 HPs)
             Began as a Coglin Artificer on Mar 1, 2024.
             Was an Initiate of Gozag.
             Slain by Joseph
             ... wielding a +0 quarterstaff
              (7 damage)
             ... on level 7 of the Dungeon.
             The game lasted 00:10:37 (4411 turns).

senseless the Charlatan (Coglin Artificer)          Turns: 4411, Time: 00:10:37

Health: -2/55      AC: 11    Str: 14    XL:     7   Next: 69%
Magic:  7/7        EV:  8    Int: 10    God:    Gozag
Gold:   243        SH:  0    Dex: 15    Spells: 6/6 levels left

rFire   . . .        b - +0 flail {María}
rCold   . . .        l - +0 mace {Kaede}
rNeg    + . .        E - +0 chain mail {rN+}
rPois   .            (no helmet)
rElec   .            h - +0 cloak
rCorr   .            t - +0 pair of gloves
SInv    .            (no boots)
Will    .....        (amulet unavailable) Stlth
                     (ring unavailable)
HPRegen 0.29/turn    (ring unavailable)
MPRegen 0.10/turn    (no gizmo)

%: no passive effects
@: revving
A: off-hand wielding, slow wielding, warmup strikes, no jewelry
a: Invent Gizmo, Renounce Religion, Potion Petition, Call Merchant, Bribe Branch


You were on level 7 of the Dungeon.
You worshipped Gozag.
Gozag was aware of your devotion.
You visited 1 branch of the dungeon, and saw 6 of its levels.

You collected 460 gold pieces.
You spent 217 gold pieces at shops.

Inventory:

Hand Weapons
 b - a +0 flail (weapon) {María}
 l - a +0 mace (offhand) {Kaede}
 D - a +0 mace {Jaspreet}
Missiles
 v - 6 javelins
 w - 9 poisoned darts
Armour
 h - a +0 cloak (worn)
 t - a +0 pair of gloves (worn)
 E - a +0 chain mail of positive energy (worn)
Wands
 c - a wand of flame (1) (quivered)
 d - a wand of charming (15)
 e - a wand of iceblast (5)
Scrolls
 f - a scroll of noise {unknown}
 g - 2 scrolls of teleportation {unknown}
 j - a scroll of poison {unknown}
 k - a scroll of enchant weapon {unknown}
 m - 3 scrolls of identify {unknown}
 n - a scroll of blinking {unknown}
 p - 2 scrolls of amnesia {unknown}
 y - a scroll of acquirement {unknown}
 z - a scroll of enchant armour {unknown}
 A - 2 scrolls of fear {unknown}
 C - 3 scrolls of butterflies {unknown}
Potions
 a - a potion of brilliance {unknown}
 i - 2 potions of curing {unknown}
 o - a potion of lignification {unknown}
 q - a potion of berserk rage {unknown}
 r - a potion of experience {unknown}
 s - a potion of mutation {unknown}
 x - 2 potions of enlightenment {unknown}


   Skills:
 * Level 4.9 Fighting
 + Level 2.4 Maces & Flails
 + Level 3.5 Armour
 + Level 3.0 Dodging
 - Level 0.7 Stealth
 + Level 5.8 Evocations


You had 6 spell levels left.
You didn't know any spells.
Your spell library contained the following spells:

 Spells                   Type           Power      Damage    Failure   Level
 Apportation              Tloc           0%         N/A       99%         1
 Necrotise                Necr           0%         1d4       99%         1
 Sting                    Conj/Alch      0%         1d3       99%         1
 Summon Small Mammal      Summ           0%         N/A       99%         1
 Jinxbite                 Hex            0%         N/A       100%        2
 Frozen Ramparts          Ice            0%         1d1       100%        3
 Leda's Liquefaction      Alch/Erth      0%         N/A       100%        4
 Manifold Assault         Tloc           0%         N/A       100%        4
 Petrify                  Alch/Erth      0%         N/A       100%        4
 Alistair's Intoxication  Alch           0%         N/A       100%        5
 Metabolic Englaciation   Hex/Ice        0%         N/A       100%        5
 Dispersal                Tloc           0%         N/A       100%        6
 Disjunction              Tloc           0%         N/A       100%        8


Dungeon Overview and Level Annotations

Branches:
Dungeon (5/15)
 Temple: D:4-7

Altars:
Ashenzari
Gozag

Shops:
D:1 [   D:3 (

Annotations:
D:7 Joseph


Innate Abilities, Weirdness & Mutations

You can wield a second weapon in your off-hand.
It takes a long time for you to wield or remove held weapons.
Your first few attacks do less damage.
You cannot equip rings or amulets.


Message History

The shaft crumbles and collapses.
Found 11 gold pieces and a green potion.
You now have 239 gold pieces (gained 7).
You now have 243 gold pieces (gained 4).
r - a green potion
Found a stone staircase leading down.
Joseph, a Mercenary comes into view.
He is wielding a +0 quarterstaff.
Joseph shouts!
Joseph unwields a +0 quarterstaff.
Joseph wields a +0 sling.
Joseph shoots a sling bullet.
The sling bullet closely misses you.
The puff of flame hits Joseph.
Joseph is lightly wounded.
The puff of flame hits Joseph!
Joseph is lightly wounded.
The puff of flame misses Joseph.
Joseph shoots a sling bullet.
The sling bullet hits you!
The puff of flame misses Joseph.
The puff of flame hits Joseph!
Joseph is moderately wounded.
Joseph shoots a sling bullet.
The sling bullet hits you!
The puff of flame hits Joseph.
Joseph is heavily wounded.
Joseph shoots a sling bullet.
The sling bullet barely misses you.
The puff of flame misses Joseph.
Joseph shoots a sling bullet.
The sling bullet hits you!
You are too injured to fight recklessly!
You are too injured to fight recklessly!
Joseph says, "I've waited for this moment for such a long time."
Joseph shoots a sling bullet.
The sling bullet closely misses you.
Joseph shoots a sling bullet.
The sling bullet barely misses you.
You start resting.
Joseph is nearby!
Joseph unwields a +0 sling.
Joseph wields a +0 quarterstaff.
Joseph hits you with a +0 quarterstaff!!
* * * LOW HITPOINT WARNING * * *
You completely miss Joseph with your +0 mace.
Joseph is moderately wounded.
You hit Joseph with your +0 flail. Joseph hits you with a +0 quarterstaff!
You die...
Your body crumbles into a pile of gold.

#. ##. #.
#.###.. #
.##.....
#.#......#
##...#....#
#...#.....#
....>.....###
#..@...###
##@###...#
#.#
###..@...#
#.# ####...#
#.# #... #.#
#. #.# #.#
#.# #.#


You could see Joseph.

Vanquished Creatures
  Grinder (D:3)
  Menkaure (D:5)
  Blork the orc (D:4)
  2 scorpions (D:4)
  A hound (D:4)
  An iguana (D:4)
  4 adders
  4 gnolls (D:5)
  2 ribbon worms (D:2)
  3 orcs (D:4)
  5 ball pythons
  A bat (D:2)
  10 endoplasms
  4 giant cockroaches
  10 hobgoblins
  6 jackals (D:1)
  3 quokkas
  A frilled lizard (D:1)
  9 goblins
  7 kobolds
  5 rats
81 creatures vanquished.

Notes
Turn   | Place    | Note
-------+----------+-------------------------------------------
     0 | D:1      | senseless the Coglin Artificer began the quest for the Orb.
     0 | D:1      | Reached XP level 1. HP: 15/15 MP: 1/1
   198 | D:1      | Reached skill level 1 in Dodging
   235 | D:1      | Reached XP level 2. HP: 4/21 MP: 2/2
   597 | D:1      | Reached XP level 3. HP: 27/27 MP: 3/3
   632 | D:1      | Found Ozxette's Antique Armour Shoppe.
  1072 | D:2      | Identified the ring of Poabramp {rC+ MP+9 Str-5 Dex+2 SInv}
  1848 | D:2      | Identified the +1 robe "Gus Qeun" {Archmagi}
  1969 | D:3      | Reached XP level 4. HP: 24/34 MP: 4/4
  2053 | D:3      | Found a broken altar of Ashenzari.
  2225 | D:3      | Found a faded altar of an unknown god.
  2227 | D:3      | Prayed at the altar of an unknown god.
  2227 | D:3      | Became a worshipper of Gozag Ym Sagoz the Greedy
  2397 | D:3      | Noticed Grinder
  2408 | D:3      | Killed Grinder
  2409 | D:3      | Reached skill level 1 in Maces & Flails
  2409 | D:3      | Reached skill level 5 in Evocations
  2409 | D:3      | Reached XP level 5. HP: 17/42 MP: 5/5
  2409 | D:3      | Reached XP level 6. HP: 19/48 MP: 6/6
  2657 | D:3      | Found Pacod Gye's Weapon Boutique.
  2919 | D:1      | Bought a glowing chain mail for 217 gold pieces
  3511 | D:4      | Reached XP level 7. HP: 17/54 MP: 7/7
  3992 | D:5      | Entered Level 5 of the Dungeon
  4023 | D:5      | Noticed Blork the orc
  4061 | D:4      | HP: 1/55 [Blork the orc/+0 battleaxe (3)]
  4068 | D:4      | Killed Blork the orc
  4260 | D:5      | Noticed Menkaure
  4267 | D:5      | Killed Menkaure
  4335 | D:5      | You fall into a shaft and drop 2 floors!
  4390 | D:7      | Noticed Joseph
  4411 | D:7      | Slain by Joseph

Illustrated notes

Levels and vault maps discovered:
D:1:      dpeg_arrival_erosion, layout_rooms, serial_shops,
          nicolae_shop_back_alley_shop, minmay_misc_feat_enclosed,
          dk_noncrumbling_4, minmay_statues_item, minivault_14, minmay_cut_off
D:2:      layout_basic, palyth_stone_intersect
D:3:      layout_basic, cheibrodos_ashenzari_chains, serial_shops, shop,
          shapermc_ecumenical_altar_venn, amcnicky_mini_corridor_feature,
          hangedman_decor_slide_cut, grunt_ministairs_13, uniq_grinder
D:4:      layout_basic, hangedman_abyss_or_decor_jellyfish_corner
D:5:      layout_gridville, uniq_blork_the_orc, uniq_menkaure, uniq_duvessa
D:7:      layout_rooms, temple_fountains, uniq_joseph

Skill      XL: |  1  2  3  4  5  6  7 |
---------------+----------------------+-----
Dodging        | 1 2 3 |  3.0
Armour         | 2 3 |  3.5
Fighting       | 2 3 4 |  4.9
Maces & Flails | 1 2 |  2.4
Evocations     | 5 |  5.8
Stealth        | |  0.7

Action                     |  1- 3 |  4- 6 |  7- 9 || total
---------------------------+-------+-------+-------++-------
  Melee: Club              |   101 |    11 |       ||   112
         Mace              |    95 |   167 |    48 ||   310
         Flail             |       |       |    31 ||    31
  Evoke: Wand              |       |     7 |     7 ||    14
    Use: Potion            |       |       |     4 ||     4
   Stab: Sleeping          |     2 |       |       ||     2
 Armour: Leather armour    |    37 |       |       ||    37
         Chain mail        |    50 |    92 |    55 ||   197
  Dodge: Dodged            |    67 |    34 |    33 ||   134

Table legend: (Time is in decaauts)
 A = Elapsed time spent in this place.
 B = Non-inter-level travel time spent in this place.
 C = Inter-level travel time spent in this place.
 D = Time resting spent in this place.
 E = Time spent auto-exploring this place.
 F = Levels seen in this place.
 G = Mean time per level.
                   A        B        C        D        E       F      G
               +--------+--------+--------+--------+--------+-----+--------+
         Total |   4495 |   4282 |    213 |    154 |   3374 |   6 |  749.2 |
       Dungeon |   4495 |   4282 |    213 |    154 |   3374 |   6 |  749.2 |
               +--------+--------+--------+--------+--------+-----+--------+

Top non-repeatable levels by time:
     D:2: 1266 daAuts
     D:4: 1186 daAuts
     D:3: 996 daAuts
     D:1: 786 daAuts
     D:5: 184 daAuts
     D:7: 75 daAuts
